 Dungeon Crawl Stone Soup version 0.17-a0-1046-ga09e34d (console) character file.

3306 lauthentik the Thaumaturge (level 9, -1/48 HPs)
             Began as a Deep Elf Necromancer on May 13, 2015.
             Was a Follower of Kikubaaqudgha.
             Slain by a three-headed hydra (15 damage)
             ... on level 8 of the Dungeon on May 15, 2015.
             The game lasted 01:19:36 (7466 turns).

lauthentik the Thaumaturge (Deep Elf Necromancer)   Turns: 7466, Time: 01:19:39

Health: -1/48      AC:  7    Str:  7    XL:     9   Next: 70%
Magic:  14/28      EV: 14    Int: 22    God:    Kikubaaqudgha [*.....]
Gold:   290        SH:  0    Dex: 15    Spells: 7 memorised, 9 levels left

rFire  . . .     SeeInvis .     i - +2 quarterstaff (chaos)
rCold  . . .     Rnd*Rage +     N - +0 leather armour
rNeg   . . .     SustAb   .     (no shield)
rPois  .         Gourm    .     (no helmet)
rElec  .         Spirit   .     p - +1 cloak
rCorr  .         Warding  .     j - +1 pair of gloves
rMut   .         Stasis   .     (no boots)
MR     +....                    R - amulet of faith
Stlth  +++.......               (no ring)
                                O - ring of wizardry

@: somewhat resistant to hostile enchantments, fairly stealthy
A: berserk 1, blink 1, dopey 1, high mp 1, magic resistance 1, strong 1, wild
magic 1
a: Blink, Receive Corpses, Renounce Religion


You were on level 8 of the Dungeon.
You worshipped Kikubaaqudgha.
Kikubaaqudgha was aware of your devotion.
You were hungry.

You visited 2 branches of the dungeon, and saw 9 of its levels.
You also visited: Sewer.

You collected 402 gold pieces.
You spent 112 gold pieces at shops.

Inventory:

Hand weapons
 e - a +0 club
 i - a +2 quarterstaff of chaos (weapon)
 k - a +2 dagger of speed
Missiles
 J - 3 tomahawks
 K - 5 javelins (quivered)
Armour
 a - a +0 robe
 j - a +1 pair of gloves (worn)
 p - a +1 cloak (worn)
 M - a +0 leather armour
 N - a +0 leather armour (worn)
Jewellery
 h - an uncursed amulet of resist corrosion
 O - a ring of wizardry (left hand)
 R - an amulet of faith (around neck)
 V - an uncursed ring of ice {unknown}
Magical devices
 F - a wand of frost (23)
 G - a wand of slowing (25)
 Z - a wand of polymorph (5)
Scrolls
 g - 6 scrolls of blinking
 l - 3 scrolls of immolation
 o - 2 scrolls of fear
 s - a scroll of enchant armour
 u - 2 scrolls of amnesia {unknown}
 w - a scroll of enchant weapon {unknown}
 y - a scroll of magic mapping {unknown}
 E - 2 scrolls of recharging {unknown}
 H - 5 scrolls of remove curse
 T - a scroll of noise {unknown}
 W - a scroll of fog
 X - a scroll of vulnerability {unknown}
Potions
 m - 4 potions of might
 q - 2 potions of cancellation
 t - 2 potions of haste {unknown}
 v - a potion of poison {unknown}
 z - a potion of agility
 A - 3 potions of curing
 B - 5 potions of brilliance {unknown}
 C - 2 potions of flight {unknown}
 D - 4 potions of magic {unknown}
 I - 2 potions of degeneration {unknown}
 L - a potion of mutation {unknown}
 P - a potion of heal wounds
 Q - 2 potions of lignification {unknown}
 Y - a potion of ambrosia {unknown}
Books
 b - a book of Necromancy

   Spells                             Type                      Level
   a - Pain                           Necromancy                   1
   b - Animate Skeleton               Necromancy                   1
   c - Vampiric Draining              Necromancy                   3
   d - Regeneration                   Charms/Necromancy            3
   e - Animate Dead                   Necromancy                   4
   f - Control Undead                 Necromancy                   4
 f - Kikubaaqudgha's Papyrus of Stolen Souls
   (Kikubaaqudgha gifted it to you on level 8 of the Dungeon)

   Spells                             Type                      Level
   a - Pain                           Necromancy                   1
   b - Corpse Rot                     Necromancy                   2
   c - Sublimation of Blood           Necromancy                   2
   d - Regeneration                   Charms/Necromancy            3
   e - Control Undead                 Necromancy                   4
 r - a book of Conjurations

   Spells                             Type                      Level
   a - Magic Dart                     Conjuration                  1
   b - Searing Ray                    Conjuration                  2
   c - Dazzling Spray                 Conjuration/Hexes            3
   d - Fulminant Prism                Conjuration/Hexes            4
   e - Iskenderun's Mystic Blast      Conjuration                  4
   f - Iskenderun's Battlesphere      Conjuration/Charms           5
 U - Sif Muna's Grimoire of Unholy Arts and Toxins
   (You found it on level 7 of the Dungeon)

   Spells                             Type                      Level
   a - Sublimation of Blood           Necromancy                   2
   b - Cure Poison                    Poison                       2
   c - Control Undead                 Necromancy                   4
   d - Alistair's Intoxication        Transmutation/Poison         4
   e - Cigotuvi's Embrace             Necromancy                   5
Comestibles
 c - 6 bread rations
 d - 3 meat rations
 n - a beef jerky
 x - 24 fruits
 S - 6 slices of pizza


   Skills:
 + Level 1.7 Fighting
 * Level 3.7 Staves
 + Level 0.2 Throwing
 + Level 2.4 Armour
 + Level 5.1 Dodging
 + Level 4.5 Stealth
 + Level 10.7 Spellcasting
 + Level 2.5 Conjurations
 + Level 3.6 Hexes
 + Level 9.9 Necromancy


You had 9 spell levels left.
You knew the following spells:

 Your Spells              Type           Power        Failure   Level  Hunger
a - Pain                  Necr           ####         1%          1    None
b - Vampiric Draining     Necr           ######....   1%          3    None
c - Animate Dead          Necr           N/A          1%          4    #......
d - Control Undead        Necr           ######....   1%          4    #......
e - Dazzling Spray        Conj/Hex       #####...     8%          3    None
f - Sublimation of Blood  Necr           ######....   1%          2    None
g - Regeneration          Chrm/Necr      ######....   3%          3    None


Dungeon Overview and Level Annotations

Branches:
Dungeon (8/15)             Temple (1/1) D:7
   Lair: D:8-11

Altars:
Cheibriados
Dithmenos
Elyvilon
Fedhas
Gozag
Kikubaaqudgha
Makhleb
Okawaru
Ru
Sif Muna
Trog
Vehumet
Xom
Yredelemnul
Zin

Shops:
D:5 !


Innate Abilities, Weirdness & Mutations

You tend to lose your temper in combat.
You can translocate small distances at will.
You are dopey. (Int -2)
You have an increased reservoir of magic (+10% MP).
You are resistant to hostile enchantments.
Your muscles are strong. (Str +2)
Your spells are a little harder to cast, but a little more powerful.


Message History

The three-headed hydra bites you.
The three-headed hydra barely misses you.
Your yak zombie gores the three-headed hydra.
You swap places.
The three-headed hydra misses you. The three-headed hydra bites you.
The three-headed hydra bites you!
The big kobold hits your yak zombie but does no damage.
There is an open gate here.
Casting: Dazzling Spray
Confirm with . or Enter, or press ? or * to list all spells.
Aiming: Dazzling Spray
Press: ? - help, Shift-Dir - straight line, f/p - big kobold
Aim: a big kobold, wielding a whip (moderately wounded)
The spray of energy hits the three-headed hydra.
The three-headed hydra is moderately wounded.
The three-headed hydra barely misses you.
The three-headed hydra bites you!
* * * LOW HITPOINT WARNING * * *
The three-headed hydra bites you!
You die...
Kikubaaqudgha rasps: "You have failed me!
Welcome... death!"

#>..W..................#######.#
##.)........######## #.#
...########## #.# ..W# #)# ...#
############### #.# ...#
#..(.#.....#..# #.#
...###....#≈....'..# .#
.[..)'....#..P..'..#
'#####....†≈....@Z.# .#
###'##.....#DK# .# #.##≈.P≈P##'#
.#######.##P≈≈≈≈#.%#
..W....#.##PP≈P.+).#
######.#.########### ######'#.#
.........# .........#


You could see a three-headed hydra, a big kobold and a friendly yak zombie.

Vanquished Creatures
  Joseph (D:7)
  A yak (D:8)
  A hippogriff (D:8)
  Menkaure (D:7)
  2 sky beasts (D:7)
  An eye of draining (D:7)
  Purgy (Sewer)
  A water moccasin (D:7)
  A black bear (D:8)
  An ice beast (D:5)
  An orc warrior (D:7)
  2 phantoms
  A centaur (D:8)
  3 ogres
  2 big kobolds (D:8)
  7 wights (D:8)
  A quasit (D:5)
  2 giant frog zombies (D:6)
  A crimson imp (D:6)
  A centaur zombie (D:6)
  6 orc wizards
  Crazy Yiuf (D:2)
  3 orc priests
  A giant frog skeleton (D:6)
  A hound (D:5)
  A killer bee zombie (D:8)
  2 worker ants
  A sheep (D:8)
  A hound zombie (D:5)
  3 gnolls (D:4)
  A worker ant zombie (D:5)
  7 adders
  3 shadow imps
  An ooze (D:2)
  4 worms
  3 giant geckos
  16 orcs
  3 ball pythons
  16 bats
  4 bat skeletons
  2 bat zombies (D:5)
  8 giant cockroaches
  10 goblins
  10 hobgoblins
  8 jackals
  10 kobolds
  4 quokkas
  A giant gecko zombie (D:5)
  6 giant newts
  A jackal skeleton (D:8)
  14 rats
184 creatures vanquished.

Vanquished Creatures (collateral kills)
  A yak (D:8)
  A scorpion (D:8)
  A wight (D:8)
  A sheep (D:8)
  A kobold (D:8)
5 creatures vanquished.

Grand Total: 189 creatures vanquished

Notes
Turn   | Place    | Note
--------------------------------------------------------------
     0 | D:1      | lauthentik the Deep Elf Necromancer began the quest for the Orb.
     0 | D:1      | Reached XP level 1. HP: 10/10 MP: 6/6
   196 | D:1      | Reached skill level 5 in Necromancy
   471 | D:1      | Reached XP level 2. HP: 13/15 MP: 5/8
  1269 | D:2      | Reached XP level 3. HP: 10/19 MP: 1/10
  1538 | D:2      | Noticed Crazy Yiuf
  1545 | D:2      | Killed Crazy Yiuf
  1602 | D:2      | Reached XP level 4. HP: 16/24 MP: 10/12
  1661 | D:2      | Reached skill level 6 in Necromancy
  1768 | D:2      | Learned a level 3 spell: Vampiric Draining
  1773 | D:2      | Learned a level 4 spell: Animate Dead
  2117 | D:3      | Found a glowing drain.
  2150 | Sewer    | Entered a sewer
  2248 | Sewer    | Noticed Purgy
  2257 | Sewer    | Killed Purgy
  2257 | Sewer    | Reached XP level 5. HP: 4/28 MP: 3/14
  2462 | D:3      | Reached skill level 5 in Spellcasting
  2516 | D:3      | Reached skill level 7 in Necromancy
  2528 | D:3      | Found a blossoming altar of Fedhas.
  2689 | D:3      | Learned a level 4 spell: Control Undead
  2963 | D:4      | Noticed a phantom
  3010 | D:4      | Reached XP level 6. HP: 28/32 MP: 7/16
  3216 | D:4      | Noticed a phantom
  3218 | D:4      | Upgraded the game from 0.17-a0-1011-gfa70bdd to 0.17-a0-1046-ga09e34d
  3485 | D:4      | Noticed an ogre
  3492 | D:4      | Killed an ogre
  3757 | D:4      | Killed a phantom
  3757 | D:4      | Reached XP level 7. HP: 14/37 MP: 18/18
  3811 | D:4      | Reached skill level 8 in Necromancy
  3873 | D:5      | Entered Level 5 of the Dungeon
  3882 | D:5      | Reached skill level 1 in Armour
  4113 | D:5      | Found Cussoyl's Distillery.
  4121 | D:5      | Bought a potion of curing for 42 gold pieces
  4121 | D:5      | Bought a potion of heal wounds for 70 gold pieces
  4553 | D:5      | Reached skill level 1 in Staves
  4680 | D:6      | Reached XP level 8. HP: 38/42 MP: 12/22
  4767 | D:6      | Found a white marble altar of Elyvilon.
  4935 | D:6      | Learned a level 3 spell: Dazzling Spray
  4954 | D:6      | Found a glowing silver altar of Zin.
  5212 | D:6      | Reached skill level 1 in Fighting
  5212 | D:6      | Reached skill level 9 in Necromancy
  5219 | D:6      | Found a basalt altar of Yredelemnul.
  5348 | D:7      | Noticed Menkaure
  5356 | D:7      | Killed Menkaure
  5356 | D:7      | Reached skill level 1 in Conjurations
  5356 | D:7      | Reached skill level 1 in Hexes
  5423 | D:7      | Gained mutation: You tend to lose your temper in combat. [mutagenic meat]
  5424 | D:7      | Gained mutation: You are dopey. (Int -2) [mutagenic meat]
  5425 | D:7      | Gained mutation: You have an increased reservoir of magic (+10% MP). [mutagenic meat]
  5426 | D:7      | Gained mutation: Your spells are a little harder to cast, but a little more powerful. [mutagenic meat]
  5434 | D:7      | Found a staircase to the Ecumenical Temple.
  5453 | Temple   | Entered the Ecumenical Temple
  5508 | Temple   | Became a worshipper of Kikubaaqudgha
  5716 | D:7      | HP: 2/43 [orc warrior/trident (9)]
  5840 | D:7      | Identified Sif Muna's Grimoire of Unholy Arts and Toxins
  5847 | D:7      | Learned a level 2 spell: Sublimation of Blood
  6013 | D:7      | Noticed Joseph
  6044 | D:7      | Killed Joseph
  6080 | D:7      | Learned a level 3 spell: Regeneration
  6193 | D:7      | Reached XP level 9. HP: 41/47 MP: 8/26
  6668 | D:7      | Gained mutation: You can translocate small distances at will. [mutagenic meat]
  6669 | D:7      | Gained mutation: You are resistant to hostile enchantments. [mutagenic meat]
  6670 | D:7      | Gained mutation: Your muscles are strong. (Str +2) [mutagenic meat]
  6791 | D:8      | Found an iron altar of Okawaru.
  6933 | D:8      | Acquired Kikubaaqudgha's first power
  6933 | D:8      | Received a gift from Kikubaaqudgha
  6934 | D:8      | Identified Kikubaaqudgha's Papyrus of Stolen Souls (Kikubaaqudgha gifted it to you on level 8 of the Dungeon)
  6947 | D:8      | Reached skill level 10 in Spellcasting
  7003 | D:8      | HP: 2/47 [black bear (2)]
  7061 | D:8      | Reached skill level 5 in Dodging
  7437 | D:8      | Noticed a three-headed hydra
  7466 | D:8      | Slain by a three-headed hydra

Vault maps used:
D:1:      shiori_shiawase
D:2:      uniq_crazy_yiuf_cottage
D:3:      lemuel_coloured_pillars_altar, portal_sewer_entry_f,
          serial_park_tiny_2
D:5:      first_bread, serial_shops, shop, serial_undead, serial_undead_e,
          serial_undead_c, serial_undead_e, serial_undead_f, serial_undead_d,
          minmay_tree_intersection
D:6:      lemuel_round_altar, yredelemnul_altar_generic, basic_altar
D:7:      minmay_temple_entry_junction2, uniq_joseph, uniq_menkaure
D:8:      lemuel_ice_spiral_2, lemuel_crystal_altar, hangedman_ranch, tgw_sif
Temple:   triangle_lava_temple_12
Sewer:    sewer_co_purgy_island

Action                   |  1- 3 |  4- 6 |  7- 9 || total
-------------------------+-------+-------+-------++-------
Melee: Dagger            |     7 |       |       ||     7
       Quarterstaff      |       |    33 |   168 ||   201
Throw: Javelin           |       |     6 |     2 ||     8
 Cast: Pain              |    55 |   107 |   130 ||   292
       Vampiric Draining |       |    13 |    47 ||    60
       Animate Dead      |       |     2 |     4 ||     6
       Control Undead    |       |     1 |     6 ||     7
       Dazzling Spray    |       |       |    11 ||    11
       Regeneration      |       |       |     8 ||     8
       Sublimation of Bl |       |       |     5 ||     5
  Use: Scroll            |     6 |       |     3 ||     9
       Potion            |       |       |     2 ||     2
 Stab: Sleeping          |       |       |     4 ||     4
       Paralysed         |       |       |     4 ||     4
       Confused          |       |       |     1 ||     1
       Distracted        |       |       |     1 ||     1
  Eat: Chunk             |     2 |     7 |    20 ||    29
       Beef jerky        |       |       |     1 ||     1
